 Dungeon Crawl Stone Soup version 0.26.1-2-gb8aa6d0cf2 (webtiles) character file.

Game seed: 2799864611930316653

32 Gadfly the Skirmisher (level 3, 0/39 HPs)
             Began as an Ogre Monk on Feb 12, 2021.
             Slain by an adder (2 damage)
             ... on level 2 of the Dungeon.
             The game lasted 00:02:23 (1473 turns).

Gadfly the Skirmisher (Ogre Monk)                   Turns: 1473, Time: 00:02:24

Health: 0/39       AC:  3    Str: 14 (16) XL:     3   Next: 27%
Magic:  3/3        EV: 10    Int:  9 (11) God:
Gold:   19         SH:  0    Dex:  9 (11) Spells: 2/2 levels left

rFire    . . .     SeeInvis .   a - +0 mace
rCold    + . .     Faith    .   (no shield)
rNeg     . . .     Spirit   .   b - +0 robe
rPois    .         Reflect  .   (helmet restricted)
rElec    .         Harm     .   (no cloak)
rCorr    .         Rampage  .   (gloves unavailable)
Will     .....                  (boots unavailable)
Stlth    +.........             (no amulet)
HPRegen  0.13/turn              e - ring of protection from cold
MPRegen  0.08/turn              (no ring)

@: lethally poisoned (0 -> -2)
A: large, unfitting armour, tough skin 1
a: no special abilities


You were on level 2 of the Dungeon.
You visited 1 branch of the dungeon, and saw 2 of its levels.

You collected 19 gold pieces.

Inventory:

Hand Weapons
 a - a +0 mace (weapon)
Missiles
 c - 33 stones (quivered)
Armour
 b - a +0 robe (worn)
Jewellery
 e - a ring of protection from cold (left hand)
Scrolls
 g - a scroll of remove curse
 h - a scroll of enchant weapon {unknown}
 i - a scroll of immolation {unknown}


   Skills:
 - Level 4.0 Fighting
 + Level 2.8 Maces & Flails
 * Level 1.2 Throwing
 * Level 0.8 Armour
 - Level 2.6 Dodging
 - Level 1.4 Stealth
 * Level 1.0 Invocations
 * Level 0.9 Evocations


You had 2 spell levels left.
You didn't know any spells.
Your spell library was empty.

Dungeon Overview and Level Annotations

Branches:
Dungeon (2/15)

Altars:


Innate Abilities, Weirdness & Mutations

You are too large for most types of armour.
You have tough skin. (AC +1)


Message History

* * * LOW HITPOINT WARNING * * *
You are lethally poisoned!
The adder poisons you!
It was a potion of degeneration.
There was something very wrong with that liquid.
You feel weakened.
You feel dopey.
You feel clumsy.
* * * LOW HITPOINT WARNING * * *
You feel sick. The adder closely misses you.
You closely miss the adder.
The adder is lightly wounded.
The adder completely misses you. The adder bites you but does no damage.
You hit the adder but do no damage.
The adder is lightly wounded.
* * * LOW HITPOINT WARNING * * *
You feel sick. The adder bites you but does no damage.
You closely miss the adder.
The adder is lightly wounded.
* * * LOW HITPOINT WARNING * * *
You feel sick. The adder barely misses you. The adder bites you.
You die...

........#
......#.#
....#...#
..#.....#
#...(....
#.......#
#.....#
#...####
......#.S@.#
##......##(#
##..#### ...
#. ####


You could see an adder.

Vanquished Creatures
  An adder (D:2)
  2 leopard geckos (D:1)
  A giant cockroach (D:1)
  2 goblins (D:1)
  2 hobgoblins (D:1)
  5 kobolds (D:1)
  A ball python (D:1)
  4 bats (D:1)
  2 frilled lizards (D:1)
  A rat (D:1)
21 creatures vanquished.

Vanquished Creatures (others)
  A plant (D:1)
1 creature vanquished.

Grand Total: 22 creatures vanquished

Notes
Turn   | Place    | Note
-------+----------+-------------------------------------------
     0 | D:1      | Gadfly the Ogre Monk began the quest for the Orb.
     0 | D:1      | Reached XP level 1. HP: 24/24 MP: 1/1
   390 | D:1      | Reached XP level 2. HP: 32/32 MP: 2/2
  1135 | D:1      | Reached skill level 1 in Throwing
  1397 | D:1      | Reached XP level 3. HP: 39/39 MP: 3/3
  1465 | D:2      | Reached skill level 1 in Invocations
  1473 | D:2      | Slain by an adder

Illustrated notes

Levels and vault maps discovered:
D:1:      dpeg_arrival_central, layout_basic, serial_bayou, serial_bayou_ford_a,
          serial_bayou_pond_d, serial_bayou_lagoon_a, serial_bayou_pond_d,
          serial_bayou_pond_c
D:2:      layout_basic, kennysheep_nondescript, minmay_misc_feat_more_columns

Skill      XL: |  1  2  3 |
---------------+----------+-----
Throwing       | 1 |  1.2
Invocations    | 1 |  1.0
Fighting       | |  4.0
Maces & Flails | |  2.8
Armour         | |  0.8
Dodging        | |  2.6
Stealth        | |  1.4
Evocations     | |  0.9

Action                   || total
-------------------------++-------
Melee: Mace              ||    82
  Use: Scroll            ||     3
       Potion            ||     1
 Stab: Sleeping          ||     2
Armor: Robe              ||    29
Dodge: Dodged            ||    45
